[ PARTIDA AOE2 · #482199856 ]
Team RMCeltas vs Italians
[ ANÁLISIS DE REPETICIÓN · EXTRAÍDO DE LA PARTIDA GRABADA ]
Feudal
10:27
Castillos
22:30
Imperial
—
| APM promedio | 25.9 |
| APM pico | 40 |
| eAPM promedio | 12.1 |
| Aldeanos / militares | 72 / 23 |
Foco
⚔️ 15.6% · 🌾 84.4%
Spearman ×11 · Scorpion ×7 · Scout Cavalry ×3 · Mangonel ×2
Feudal
12:10
Castillos
20:18
Imperial
—
| APM promedio | 25.4 |
| APM pico | 60 |
| eAPM promedio | 11.0 |
| Aldeanos / militares | 88 / 7 |
Foco
⚔️ 13.9% · 🌾 86.1%
Battle Elephant ×5 · Spearman ×2
Feudal
11:04
Castillos
—
Imperial
—
| APM promedio | 6.3 |
| APM pico | 40 |
| eAPM promedio | 2.7 |
| Aldeanos / militares | 9 / 14 |
Foco
⚔️ 36.9% · 🌾 63.1%
Spearman ×8 · Militia ×6
Feudal
16:01
Castillos
—
Imperial
—
| APM promedio | 10.0 |
| APM pico | 21 |
| eAPM promedio | 4.6 |
| Aldeanos / militares | 22 / 5 |
Foco
⚔️ 14.1% · 🌾 85.9%
Militia ×5
Feudal
11:36
Castillos
21:13
Imperial
—
| APM promedio | 16.5 |
| APM pico | 41 |
| eAPM promedio | 7.9 |
| Aldeanos / militares | 69 / 36 |
Foco
⚔️ 22.5% · 🌾 77.5%
Archer ×34 · Monk ×2
Feudal
13:51
Castillos
—
Imperial
—
| APM promedio | 3.8 |
| APM pico | 9 |
| eAPM promedio | 3.4 |
| Aldeanos / militares | 15 / 22 |
Foco
⚔️ 31.5% · 🌾 68.5%
Militia ×6 · Spearman ×4 · Skirmisher ×4 · Archer ×4 · Scout Cavalry ×4
Mapa de la partida
Recursos al inicio + cada clic de construcción. Línea gruesa = muro · recuadro discontinuo = muro de casas detectado. 🟡 oro · ⚪ piedra · 🟢 bayas · 🔶 jabalí · ⭕ reliquia
Tu base· Abierta — flanco sin cerrar
Base de P2Phantom· ✓ Cerrada en 20:18 · 24t muro
Base de Potato· Abierta — flanco sin cerrar
Base de DerpChu· Abierta — flanco sin cerrar
Base de Mephisst0· Abierta — flanco sin cerrar
Base de CutiePieYumYum· Abierta — flanco sin cerrar
Terreno con relieve · ⚠ = hueco de muro detectado · pasá el cursor para detalles
Inputs por minuto
— KaneGB - - P2Phantom
Build order — KaneGB
Primeras 150 de 175 acciones detectadas
| 0:01 | Crear | Villager (Male) |
| 0:04 | Construir | House |
| 0:28 | Crear | Villager (Male) |
| 0:28 | Crear | Villager (Male) |
| 0:28 | Crear | Villager (Male) |
| 0:28 | Crear | Villager (Male) |
| 1:38 | Crear | Villager (Male) |
| 1:57 | Investigar | Loom |
| 2:14 | Construir | House |
| 2:17 | Construir | Lumber Camp |
| 2:19 | Crear | Villager (Male) |
| 2:46 | Crear | Villager (Male) |
| 3:15 | Crear | Villager (Male) |
| 3:15 | Crear | Villager (Male) |
| 3:15 | Crear | Villager (Male) |
| 3:51 | Crear | Villager (Male) |
| 3:51 | Crear | Villager (Male) |
| 3:55 | Construir | House |
| 4:03 | Construir | Palisade Wall |
| 4:05 | Construir | House |
| 4:12 | Construir | House |
| 4:19 | Crear | Villager (Male) |
| 4:19 | Crear | Villager (Male) |
| 4:45 | Crear | Villager (Male) |
| 4:45 | Crear | Villager (Male) |
| 4:58 | Crear | Villager (Male) |
| 5:34 | Crear | Villager (Male) |
| 5:45 | Crear | Villager (Male) |
| 5:59 | Crear | Villager (Male) |
| 6:19 | Construir | Mill |
| 6:57 | Crear | Villager (Male) |
| 6:58 | Crear | Villager (Male) |
| 6:58 | Crear | Villager (Male) |
| 7:21 | Crear | Villager (Male) |
| 7:30 | Construir | Mining Camp |
| 8:17 | Investigar | Feudal Age |
| 9:32 | Construir | Barracks |
| 9:46 | Construir | House |
| 10:11 | Crear | Villager (Male) |
| 10:12 | Crear | Villager (Male) |
| 10:12 | Crear | Villager (Male) |
| 10:19 | Construir | Mill |
| 10:27 | Edad | Edad Feudal |
| 10:33 | Crear | Spearman |
| 10:33 | Crear | Spearman |
| 10:33 | Crear | Spearman |
| 10:48 | Crear | Spearman |
| 10:58 | Construir | Stone Wall |
| 11:03 | Construir | Building 490 |
| 11:24 | Construir | Building 490 |
| 11:32 | Construir | Building 490 |
| 11:38 | Crear | Spearman |
| 11:57 | Crear | Villager (Male) |
| 11:58 | Crear | Villager (Male) |
| 11:59 | Construir | Farm |
| 12:00 | Construir | Farm |
| 12:01 | Construir | Farm |
| 12:02 | Crear | Villager (Male) |
| 12:02 | Crear | Villager (Male) |
| 12:07 | Construir | Farm |
| 12:29 | Construir | House |
| 12:30 | Construir | House |
| 12:49 | Crear | Villager (Male) |
| 12:49 | Crear | Villager (Male) |
| 12:52 | Construir | Farm |
| 12:53 | Construir | Farm |
| 12:54 | Construir | Farm |
| 14:06 | Construir | Stone Wall |
| 14:10 | Construir | Building 490 |
| 14:14 | Construir | Stone Wall |
| 14:27 | Construir | Building 490 |
| 14:29 | Crear | Villager (Male) |
| 14:29 | Crear | Villager (Male) |
| 14:29 | Crear | Villager (Male) |
| 14:32 | Construir | Farm |
| 14:33 | Construir | Farm |
| 14:34 | Construir | Farm |
| 14:35 | Construir | Farm |
| 14:36 | Crear | Villager (Male) |
| 14:36 | Crear | Villager (Male) |
| 14:36 | Crear | Villager (Male) |
| 14:43 | Construir | Mining Camp |
| 14:55 | Construir | Stone Wall |
| 14:58 | Construir | Building 490 |
| 15:13 | Crear | Villager (Male) |
| 15:14 | Crear | Villager (Male) |
| 15:14 | Crear | Villager (Male) |
| 16:04 | Crear | Villager (Male) |
| 16:16 | Construir | Mining Camp |
| 16:26 | Construir | Farm |
| 16:34 | Construir | House |
| 16:35 | Construir | House |
| 16:37 | Construir | Blacksmith |
| 17:55 | Construir | Stable |
| 17:59 | Crear | Villager (Male) |
| 19:23 | Crear | Villager (Male) |
| 19:50 | Investigar | Castle Age |
| 20:11 | Investigar | Gold Mining |
| 20:57 | Investigar | Forging |
| 21:00 | Investigar | Horse Collar |
| 21:05 | Investigar | Stone Mining |
| 21:10 | Crear | Spearman |
| 21:11 | Crear | Spearman |
| 21:14 | Crear | Scout Cavalry |
| 21:14 | Crear | Scout Cavalry |
| 21:35 | Investigar | Scale Mail Armor |
| 22:22 | Crear | Villager (Male) |
| 22:22 | Crear | Villager (Male) |
| 22:30 | Edad | Edad de los Castillos |
| 22:33 | Investigar | Light Cavalry (upgrade) |
| 22:46 | Investigar | Scale Barding Armor |
| 22:54 | Construir | Farm |
| 22:55 | Construir | Farm |
| 22:56 | Construir | Farm |
| 22:57 | Construir | Farm |
| 22:58 | Crear | Villager (Male) |
| 22:58 | Crear | Villager (Male) |
| 23:03 | Construir | Farm |
| 23:07 | Construir | Town Center |
| 23:32 | Construir | Siege Workshop |
| 23:42 | Crear | Villager (Male) |
| 23:50 | Construir | House |
| 23:51 | Construir | House |
| 23:52 | Construir | House |
| 23:54 | Crear | Villager (Male) |
| 23:54 | Crear | Villager (Male) |
| 23:55 | Crear | Villager (Male) |
| 24:21 | Crear | Mangonel |
| 24:46 | Investigar | Pikeman (upgrade) |
| 24:47 | Crear | Villager (Male) |
| 24:57 | Crear | Villager (Male) |
| 24:57 | Crear | Villager (Male) |
| 25:15 | Crear | Mangonel |
| 25:24 | Crear | Villager (Male) |
| 25:25 | Crear | Villager (Male) |
| 25:28 | Construir | Farm |
| 25:29 | Construir | Farm |
| 25:30 | Construir | Farm |
| 25:33 | Crear | Villager (Male) |
| 25:33 | Crear | Villager (Male) |
| 25:33 | Crear | Villager (Male) |
| 25:49 | Crear | Villager (Male) |
| 25:49 | Crear | Villager (Male) |
| 26:42 | Crear | Villager (Male) |
| 26:42 | Crear | Villager (Male) |
| 26:43 | Crear | Villager (Male) |
| 26:43 | Crear | Villager (Male) |
| 26:44 | Crear | Villager (Male) |
| 27:22 | Construir | Town Center |
| 27:24 | Crear | Scorpion |
Build order — P2Phantom
Primeras 150 de 183 acciones detectadas
| 0:02 | Crear | Villager (Male) |
| 0:03 | Crear | Villager (Male) |
| 0:03 | Crear | Villager (Male) |
| 0:04 | Construir | House |
| 0:05 | Construir | House |
| 0:38 | Crear | Villager (Male) |
| 0:38 | Crear | Villager (Male) |
| 1:39 | Crear | Villager (Male) |
| 2:02 | Crear | Villager (Male) |
| 2:20 | Crear | Villager (Male) |
| 2:55 | Crear | Villager (Male) |
| 2:55 | Crear | Villager (Male) |
| 3:08 | Construir | Mill |
| 3:20 | Crear | Villager (Male) |
| 3:20 | Crear | Villager (Male) |
| 4:24 | Investigar | Loom |
| 4:57 | Crear | Villager (Male) |
| 4:57 | Crear | Villager (Male) |
| 4:57 | Crear | Villager (Male) |
| 5:16 | Crear | Villager (Male) |
| 5:25 | Construir | House |
| 5:34 | Crear | Villager (Male) |
| 5:45 | Crear | Villager (Male) |
| 5:45 | Crear | Villager (Male) |
| 6:36 | Crear | Villager (Male) |
| 7:19 | Construir | House |
| 7:45 | Crear | Villager (Male) |
| 8:00 | Construir | Lumber Camp |
| 8:25 | Crear | Villager (Male) |
| 8:25 | Crear | Villager (Male) |
| 9:45 | Construir | House |
| 9:47 | Investigar | Feudal Age |
| 9:59 | Crear | Villager (Male) |
| 10:00 | Crear | Villager (Male) |
| 10:33 | Construir | Barracks |
| 11:03 | Crear | Villager (Male) |
| 11:04 | Crear | Villager (Male) |
| 11:05 | Crear | Villager (Male) |
| 11:13 | Construir | House |
| 12:10 | Edad | Edad Feudal |
| 12:17 | Construir | Blacksmith |
| 12:23 | Construir | House |
| 12:32 | Construir | Mining Camp |
| 13:27 | Crear | Spearman |
| 13:27 | Crear | Spearman |
| 14:00 | Construir | Stone Wall |
| 14:10 | Crear | Villager (Male) |
| 14:14 | Investigar | Horse Collar |
| 14:20 | Crear | Villager (Male) |
| 14:29 | Construir | Farm |
| 14:31 | Construir | Farm |
| 14:33 | Construir | Farm |
| 14:34 | Construir | Farm |
| 14:48 | Crear | Villager (Male) |
| 15:06 | Crear | Villager (Male) |
| 15:32 | Construir | Building 490 |
| 15:40 | Crear | Villager (Male) |
| 15:49 | Construir | Farm |
| 15:50 | Construir | Farm |
| 15:52 | Construir | Farm |
| 15:56 | Construir | Market |
| 16:02 | Crear | Villager (Male) |
| 16:19 | Investigar | Forging |
| 16:20 | Investigar | Scale Barding Armor |
| 16:43 | Construir | Farm |
| 16:55 | Construir | Farm |
| 16:57 | Construir | Farm |
| 17:00 | Construir | Farm |
| 17:04 | Construir | Farm |
| 17:06 | Construir | Farm |
| 17:07 | Construir | Farm |
| 17:08 | Construir | Farm |
| 17:38 | Investigar | Castle Age |
| 18:30 | Crear | Villager (Male) |
| 18:30 | Crear | Villager (Male) |
| 18:30 | Crear | Villager (Male) |
| 18:31 | Crear | Villager (Male) |
| 18:41 | Investigar | Double-Bit Axe |
| 19:05 | Construir | Stable |
| 19:12 | Construir | Stable |
| 19:17 | Crear | Villager (Male) |
| 19:17 | Crear | Villager (Male) |
| 19:47 | Construir | Stable |
| 19:49 | Construir | Stable |
| 19:52 | Construir | Stable |
| 20:07 | Investigar | Scale Barding Armor |
| 20:11 | Construir | House |
| 20:12 | Construir | House |
| 20:18 | Edad | Edad de los Castillos |
| 20:19 | Investigar | Wheelbarrow |
| 20:39 | Construir | Town Center |
| 20:56 | Construir | Stable |
| 20:57 | Construir | Stable |
| 20:59 | Construir | Stable |
| 21:07 | Crear | Battle Elephant |
| 21:13 | Construir | House |
| 21:13 | Construir | House |
| 21:15 | Investigar | Husbandry |
| 21:16 | Investigar | Bloodlines |
| 21:22 | Crear | Villager (Male) |
| 21:22 | Crear | Villager (Male) |
| 21:23 | Crear | Villager (Male) |
| 21:23 | Crear | Villager (Male) |
| 22:04 | Crear | Villager (Male) |
| 22:05 | Crear | Villager (Male) |
| 22:05 | Crear | Villager (Male) |
| 22:22 | Investigar | Heavy Plow |
| 22:41 | Crear | Villager (Male) |
| 22:41 | Crear | Villager (Male) |
| 22:42 | Crear | Villager (Male) |
| 22:53 | Crear | Villager (Male) |
| 23:07 | Construir | Town Center |
| 23:28 | Crear | Villager (Male) |
| 23:28 | Crear | Villager (Male) |
| 23:28 | Crear | Villager (Male) |
| 23:35 | Crear | Villager (Male) |
| 23:35 | Crear | Villager (Male) |
| 23:35 | Crear | Villager (Male) |
| 23:51 | Investigar | Stone Mining |
| 24:08 | Investigar | Bow Saw |
| 24:28 | Construir | Farm |
| 24:30 | Crear | Villager (Male) |
| 24:32 | Construir | Mining Camp |
| 24:34 | Crear | Villager (Male) |
| 24:34 | Crear | Villager (Male) |
| 25:00 | Crear | Battle Elephant |
| 25:00 | Crear | Battle Elephant |
| 25:19 | Construir | Town Center |
| 25:21 | Crear | Villager (Male) |
| 25:21 | Crear | Villager (Male) |
| 25:23 | Crear | Villager (Male) |
| 25:23 | Crear | Villager (Male) |
| 25:27 | Construir | Farm |
| 25:28 | Construir | Farm |
| 25:30 | Construir | Farm |
| 25:31 | Construir | Farm |
| 25:32 | Construir | Farm |
| 25:58 | Crear | Battle Elephant |
| 25:59 | Crear | Battle Elephant |
| 26:10 | Crear | Villager (Male) |
| 26:11 | Crear | Villager (Male) |
| 26:14 | Construir | Farm |
| 26:18 | Construir | Farm |
| 26:25 | Crear | Villager (Male) |
| 26:27 | Crear | Villager (Male) |
| 27:04 | Crear | Villager (Male) |
| 27:04 | Crear | Villager (Male) |
| 27:04 | Crear | Villager (Male) |
| 27:04 | Crear | Villager (Male) |
| 27:05 | Crear | Villager (Male) |
Build order — Potato
36 acciones detectadas en el replay
| 2:11 | Crear | Villager (Male) |
| 2:25 | Construir | House |
| 2:27 | Construir | House |
| 2:29 | Construir | House |
| 2:50 | Construir | Mining Camp |
| 8:03 | Construir | Lumber Camp |
| 8:54 | Investigar | Feudal Age |
| 8:59 | Investigar | Loom |
| 11:04 | Edad | Edad Feudal |
| 11:54 | Crear | Villager (Male) |
| 11:54 | Crear | Villager (Male) |
| 11:54 | Crear | Villager (Male) |
| 13:52 | Crear | Villager (Male) |
| 13:52 | Crear | Villager (Male) |
| 13:52 | Crear | Villager (Male) |
| 15:10 | Construir | Mill |
| 16:40 | Construir | Lumber Camp |
| 17:26 | Crear | Villager (Male) |
| 18:33 | Investigar | Town Watch |
| 18:47 | Construir | Mining Camp |
| 19:50 | Crear | Villager (Male) |
| 22:07 | Construir | Barracks |
| 24:17 | Crear | Spearman |
| 24:18 | Crear | Spearman |
| 24:18 | Crear | Spearman |
| 24:18 | Crear | Spearman |
| 24:22 | Crear | Spearman |
| 24:23 | Crear | Spearman |
| 25:14 | Crear | Militia |
| 25:14 | Crear | Militia |
| 25:16 | Crear | Spearman |
| 26:10 | Crear | Spearman |
| 26:11 | Crear | Militia |
| 26:12 | Crear | Militia |
| 26:12 | Crear | Militia |
| 26:12 | Crear | Militia |
Build order — DerpChu
49 acciones detectadas en el replay
| 0:15 | Construir | House |
| 0:57 | Crear | Villager (Male) |
| 0:57 | Crear | Villager (Male) |
| 0:57 | Crear | Villager (Male) |
| 0:58 | Crear | Villager (Male) |
| 1:31 | Construir | House |
| 3:01 | Construir | Lumber Camp |
| 5:02 | Crear | Villager (Male) |
| 5:03 | Crear | Villager (Male) |
| 5:03 | Crear | Villager (Male) |
| 5:03 | Crear | Villager (Male) |
| 5:47 | Construir | Mill |
| 7:48 | Crear | Villager (Male) |
| 7:48 | Crear | Villager (Male) |
| 7:48 | Crear | Villager (Male) |
| 7:49 | Crear | Villager (Male) |
| 9:20 | Construir | House |
| 9:53 | Construir | Outpost |
| 10:19 | Construir | Farm |
| 10:35 | Construir | Mill |
| 11:46 | Crear | Villager (Male) |
| 11:46 | Crear | Villager (Male) |
| 11:47 | Crear | Villager (Male) |
| 11:47 | Crear | Villager (Male) |
| 11:48 | Crear | Villager (Male) |
| 12:48 | Construir | Mining Camp |
| 13:35 | Investigar | Feudal Age |
| 14:18 | Crear | Villager (Male) |
| 14:19 | Crear | Villager (Male) |
| 14:19 | Crear | Villager (Male) |
| 15:53 | Construir | Barracks |
| 16:01 | Edad | Edad Feudal |
| 16:30 | Construir | Farm |
| 16:32 | Construir | Farm |
| 16:34 | Construir | Farm |
| 16:47 | Construir | Farm |
| 17:23 | Investigar | Double-Bit Axe |
| 17:43 | Construir | Farm |
| 17:50 | Crear | Militia |
| 17:51 | Crear | Militia |
| 17:51 | Crear | Militia |
| 17:53 | Investigar | Man-at-Arms (upgrade) |
| 18:09 | Construir | Farm |
| 19:52 | Crear | Villager (Male) |
| 19:52 | Crear | Villager (Male) |
| 22:34 | Construir | Farm |
| 23:22 | Construir | Farm |
| 23:30 | Crear | Militia |
| 23:31 | Crear | Militia |
Build order — Mephisst0
113 acciones detectadas en el replay
| 0:01 | Crear | Villager (Male) |
| 0:01 | Crear | Villager (Male) |
| 0:01 | Crear | Villager (Male) |
| 0:02 | Crear | Villager (Male) |
| 0:02 | Crear | Villager (Male) |
| 0:04 | Construir | House |
| 0:05 | Construir | House |
| 1:26 | Crear | Villager (Male) |
| 1:26 | Crear | Villager (Male) |
| 2:26 | Crear | Villager (Male) ×2 |
| 2:27 | Crear | Villager (Male) ×2 |
| 2:51 | Crear | Villager (Male) |
| 2:51 | Crear | Villager (Male) |
| 2:51 | Crear | Villager (Male) |
| 3:05 | Construir | Settlement |
| 3:17 | Crear | Villager (Male) |
| 3:17 | Crear | Villager (Male) |
| 3:39 | Investigar | Loom |
| 3:40 | Crear | Villager (Male) ×2 |
| 3:40 | Crear | Villager (Male) ×2 |
| 4:00 | Crear | Villager (Male) |
| 4:01 | Crear | Villager (Male) |
| 5:41 | Crear | Villager (Male) |
| 5:41 | Crear | Villager (Male) |
| 6:05 | Crear | Villager (Male) ×4 |
| 6:05 | Crear | Villager (Male) ×4 |
| 6:42 | Construir | Settlement |
| 7:36 | Crear | Villager (Male) ×5 |
| 7:50 | Construir | Barracks |
| 7:58 | Construir | Palisade Wall |
| 8:08 | Construir | Palisade Wall |
| 8:42 | Construir | Settlement |
| 9:16 | Investigar | Feudal Age |
| 10:08 | Construir | Farm |
| 10:12 | Construir | Farm |
| 10:15 | Construir | Farm |
| 11:03 | Construir | Farm |
| 11:08 | Construir | Farm |
| 11:36 | Edad | Edad Feudal |
| 11:46 | Crear | Villager (Male) ×5 |
| 11:52 | Investigar | Double-Bit Axe |
| 12:48 | Construir | Blacksmith |
| 13:04 | Construir | Market |
| 13:35 | Construir | Archery Range |
| 13:37 | Construir | Archery Range |
| 13:54 | Construir | Archery Range |
| 14:03 | Investigar | Fletching |
| 14:07 | Crear | Villager (Male) |
| 14:08 | Crear | Villager (Male) |
| 14:10 | Crear | Villager (Male) |
| 14:35 | Construir | Farm |
| 14:54 | Crear | Archer |
| 14:54 | Crear | Archer |
| 15:20 | Construir | Farm |
| 15:24 | Crear | Villager (Male) |
| 15:24 | Crear | Villager (Male) |
| 15:47 | Crear | Archer ×3 |
| 15:58 | Crear | Archer ×2 |
| 16:05 | Construir | Farm |
| 16:08 | Crear | Villager (Male) |
| 16:08 | Crear | Villager (Male) |
| 16:14 | Investigar | Gold Mining |
| 16:32 | Crear | Archer |
| 16:32 | Crear | Archer |
| 16:41 | Construir | Farm |
| 17:10 | Crear | Archer ×2 |
| 17:18 | Construir | Farm |
| 17:21 | Crear | Villager (Male) |
| 17:22 | Crear | Villager (Male) |
| 17:51 | Construir | Farm |
| 18:21 | Construir | Farm |
| 18:33 | Investigar | Castle Age |
| 18:38 | Crear | Archer |
| 18:38 | Crear | Archer |
| 18:59 | Investigar | Horse Collar |
| 19:23 | Investigar | Wheelbarrow |
| 21:13 | Edad | Edad de los Castillos |
| 21:18 | Investigar | Crossbowman (upgrade) |
| 21:20 | Investigar | Thumb Ring |
| 21:51 | Crear | Villager (Male) ×4 |
| 22:42 | Investigar | Bodkin Arrow |
| 23:04 | Construir | Settlement |
| 23:28 | Construir | University |
| 23:35 | Construir | Monastery |
| 23:41 | Investigar | Hand Cart |
| 23:52 | Construir | Town Center |
| 23:56 | Crear | Villager (Male) ×2 |
| 24:33 | Crear | Archer ×5 |
| 24:33 | Crear | Archer ×5 |
| 24:33 | Crear | Archer ×5 |
| 24:49 | Investigar | Ballistics |
| 24:55 | Crear | Monk |
| 25:35 | Crear | Villager (Male) ×5 |
| 25:40 | Crear | Monk |
| 26:25 | Crear | Archer ×3 |
| 26:25 | Crear | Archer ×3 |
| 26:35 | Construir | Farm |
| 26:37 | Construir | Farm |
| 26:53 | Construir | House |
| 26:54 | Construir | House |
| 26:54 | Construir | House |
| 26:56 | Construir | House |
| 27:40 | Crear | Villager (Male) |
| 27:40 | Crear | Villager (Male) |
| 27:41 | Investigar | Town Watch |
| 27:53 | Construir | Farm |
| 28:01 | Investigar | Bow Saw |
| 28:03 | Investigar | Stone Mining |
| 28:06 | Investigar | Padded Archer Armor |
| 28:41 | Construir | Farm |
| 28:42 | Construir | Farm |
| 29:30 | Investigar | Heavy Plow |
| 29:33 | Crear | Villager (Male) ×5 |
Build order — CutiePieYumYum
69 acciones detectadas en el replay
| 1:01 | Investigar | Loom |
| 1:01 | Crear | Villager (Male) |
| 1:02 | Crear | Villager (Male) |
| 2:04 | Construir | House |
| 2:47 | Construir | House |
| 2:54 | Crear | Villager (Male) |
| 3:11 | Construir | Mill |
| 3:48 | Construir | Farm |
| 3:59 | Construir | House |
| 4:38 | Construir | House |
| 4:46 | Construir | Farm |
| 4:51 | Crear | Villager (Male) |
| 4:52 | Crear | Villager (Male) |
| 5:22 | Construir | Farm |
| 6:04 | Crear | Villager (Male) |
| 6:38 | Construir | Farm |
| 6:47 | Crear | Villager (Male) |
| 8:12 | Construir | Lumber Camp |
| 8:49 | Crear | Villager (Male) |
| 8:56 | Crear | Villager (Male) |
| 9:41 | Construir | Farm |
| 11:41 | Investigar | Feudal Age |
| 12:43 | Crear | Villager (Male) |
| 13:00 | Construir | Mining Camp |
| 13:49 | Construir | Barracks |
| 13:51 | Edad | Edad Feudal |
| 13:59 | Investigar | Wheelbarrow |
| 14:07 | Crear | Villager (Male) |
| 14:54 | Construir | Watch Tower |
| 15:28 | Construir | Farm |
| 16:22 | Construir | Mining Camp |
| 16:30 | Investigar | Man-at-Arms (upgrade) |
| 16:31 | Crear | Militia |
| 16:31 | Crear | Spearman |
| 16:32 | Crear | Militia |
| 17:55 | Crear | Villager (Male) |
| 17:59 | Crear | Villager (Male) |
| 18:27 | Construir | Farm |
| 19:12 | Crear | Spearman |
| 19:13 | Crear | Militia |
| 19:20 | Construir | Farm |
| 19:34 | Construir | House |
| 20:23 | Crear | Villager (Male) |
| 20:24 | Crear | Villager (Male) |
| 20:59 | Construir | Farm |
| 21:14 | Crear | Spearman |
| 21:15 | Crear | Militia |
| 21:16 | Crear | Militia |
| 21:17 | Crear | Spearman |
| 21:26 | Construir | Archery Range |
| 22:09 | Construir | Watch Tower |
| 22:35 | Crear | Skirmisher |
| 22:36 | Crear | Archer |
| 22:37 | Crear | Archer |
| 23:03 | Crear | Militia |
| 25:01 | Construir | House |
| 25:09 | Construir | House |
| 26:18 | Construir | House |
| 26:56 | Crear | Skirmisher |
| 26:57 | Crear | Archer |
| 27:01 | Crear | Skirmisher |
| 27:01 | Crear | Archer |
| 27:16 | Construir | Stable |
| 29:15 | Crear | Scout Cavalry |
| 29:16 | Investigar | Bloodlines |
| 29:16 | Crear | Scout Cavalry |
| 29:17 | Crear | Scout Cavalry |
| 29:17 | Crear | Scout Cavalry |
| 29:19 | Crear | Skirmisher |
Cronología de la partida
| 4:03 | KaneGB · wall_segment Palisade Wall x1 |
| 7:50 | Mephisst0 · first_building Barracks |
| 7:58 | Mephisst0 · wall_segment Palisade Wall x10 |
| 8:08 | Mephisst0 · wall_segment Palisade Wall x4 |
| 9:32 | KaneGB · first_building Barracks |
| 10:27 | KaneGB · age_up feudal |
| 10:33 | P2Phantom · first_building Barracks |
| 10:58 | KaneGB · wall_segment Stone Wall x39 |
| 11:04 | Potato · age_up feudal |
| 11:36 | Mephisst0 · age_up feudal |
| 12:10 | P2Phantom · age_up feudal |
| 13:35 | Mephisst0 · first_building Archery Range |
| 13:49 | CutiePieYumYum · first_building Barracks |
| 13:51 | CutiePieYumYum · age_up feudal |
| 14:00 | P2Phantom · wall_segment Stone Wall x24 |
| 14:06 | KaneGB · wall_segment Stone Wall x19 |
| 14:14 | KaneGB · wall_segment Stone Wall x19 |
| 14:55 | KaneGB · wall_segment Stone Wall x1 |
| 15:53 | DerpChu · first_building Barracks |
| 16:01 | DerpChu · age_up feudal |
| 17:55 | KaneGB · first_building Stable |
| 19:05 | P2Phantom · first_building Stable |
| 20:18 | P2Phantom · age_up castle |
| 20:37 | P2Phantom · first_market_buy 100 stone |
| 21:13 | Mephisst0 · age_up castle |
| 21:26 | CutiePieYumYum · first_building Archery Range |
| 22:07 | Potato · first_building Barracks |
| 22:30 | KaneGB · age_up castle |
| 23:32 | KaneGB · first_building Siege Workshop |
| 23:35 | Mephisst0 · first_building Monastery |
| 27:16 | CutiePieYumYum · first_building Stable |
| 29:34 | DerpChu · resign |
[ ANÁLISIS IA · 1 CRÉDITO ]
¿Qué pasó realmente en esta partida?
Wolo.gg analiza cada decisión: build order, eco, micro, errores típicos por bracket. Análisis personalizado por WhatsApp o Discord en 30 segundos.
Guía civ
Celtas
Guía mapa
Oasis
Perfil
KaneGB